 Dungeon Crawl Stone Soup version 0.16-a0-3008-g8433e14 (webtiles) character file.

1511986 Ratboiler the Skullcrusher (level 27, 250/261 HPs)
             Began as an Ogre Wanderer on Dec 6, 2014.
             Was a Priest of Trog.
             Escaped with the Orb
             ... and 3 runes on Dec 7, 2014!
             The game lasted 05:06:07 (89744 turns).

Ratboiler the Skullcrusher (Ogre Wanderer)         Turns: 89744, Time: 05:06:07

Health: 250/261    AC: 38    Str: 23    XL:     27
Magic:  29/29      EV: 33    Int: 15    God:    Trog [***...]
Gold:   2706       SH:  0    Dex: 23    Spells: 2 memorised, 24 levels left

rFire  + + .     SeeInvis .     b - +9 giant spiked club (freeze)
rCold  + . .     Clarity  .     z - +9 fire dragon armour "Erhageic" {rF++ rC- Int+2 Stlth++}
rNeg   + . .     SustAb   .     (shield restricted)
rPois  .         Gourm    .     S - +2 hat
rElec  .         Spirit   .     y - +2 cloak of Pnaquh {Dex+3}
rCorr  .         Warding  +     (gloves unavailable)
rMut   .         Stasis   .     (boots unavailable)
MR     ++...                    Z - amulet "Ghorituy" {Ward rC+ rN+}
Stlth  +.........               N - ring of Robustness {AC+8}
                                E - ring of protection from cold

@: very slightly contaminated, very resistant to hostile enchantments, very
unstealthy
A: unfitting armour, clever 1, frail 1, low mp 1, tough skin 1
a: Burn Spellbooks, Berserk, Trog's Hand, Renounce Religion
0: Orb of Zot
}: 3/15 runes: barnacled, slimy, gossamer


You escaped.
You worshipped Trog.
Trog was most pleased with you.
You were not hungry.

You visited 11 branches of the dungeon, and saw 61 of its levels.
You visited the Abyss 2 times.
You visited 1 bazaar.
You visited 1 ziggurat, and saw 9 of its levels.
You also visited: Volcano.

You collected 7429 gold pieces.
You spent 4723 gold pieces at shops.

Inventory:

Hand weapons
 a - the +7 great mace "Firestarter" {flame, rF++}
   (You bought it in a shop on level 5 of the Dungeon)

   It emits flame when wielded, causing extra injury to most foes and up to
   double damage against particularly susceptible opponents.
   It greatly protects you from fire.
 b - a +9 giant spiked club of freezing (weapon)
 c - a +9 antimagic giant spiked club
Missiles
 H - 131 large rocks (quivered)
Armour
 t - a +10 shadow dragon armour
 y - the +2 cloak of Pnaquh (worn) {Dex+3}
   (You found it on level 4 of a ziggurat)

   It affects your dexterity (+3).
 z - the +9 fire dragon armour "Erhageic" (worn) {rF++ rC- Int+2 Stlth++}
   (You found it on level 7 of a ziggurat)

   It affects your intelligence (+2).
   It greatly protects you from fire.
   It makes you vulnerable to cold.
   It makes you much more stealthy.
 S - a +2 hat (worn)
Jewellery
 u - the ring "Daasitit" {+/*Tele Str+4}
   (You found it on level 6 of a ziggurat)

   [ring of teleportation]

   It causes random teleportation, and can be evoked to teleport at will.
   It affects your strength (+4).
 E - a ring of protection from cold (left hand)
 F - an uncursed amulet of resist mutation
 G - an uncursed ring of protection from fire
 I - the ring of the Mutiny {SustAb -Cast Str+4 Dex+3}
   (You found it on level 6 of the Dungeon)

   [ring of sustain abilities]

   It sustains your strength, intelligence and dexterity.
   It affects your strength (+4).
   It affects your dexterity (+3).
   It prevents spellcasting.
 L - an uncursed ring of poison resistance
 N - the ring of Robustness (right hand) {AC+8}
   (You found it on level 6 of the Dungeon)

   [ring of protection]

   It affects your AC (+8).
 O - an uncursed amulet of regeneration
 V - an uncursed ring of invisibility
 Z - the amulet "Ghorituy" (around neck) {Ward rC+ rN+}
   (You took it off a deep elf fighter on level 3 of the Elven Halls)

   [amulet of warding]

   It may prevent the melee attacks of summoned creatures.
   It protects you from cold.
   It protects you from negative energy.
Magical devices
 p - a wand of hasting (1)
 x - a wand of paralysis (9)
 P - a wand of digging (11)
 T - a wand of disintegration (2)
Scrolls
 d - 27 scrolls of remove curse
 g - 11 scrolls of teleportation
 h - 4 scrolls of summoning
 l - 14 scrolls of fear
 r - a scroll of silence
 s - 5 scrolls of enchant armour
 B - 6 scrolls of fog
 W - 7 scrolls of blinking
 Y - 18 scrolls of recharging
Potions
 j - 9 potions of agility
 k - 4 potions of flight
 m - 5 potions of cancellation
 o - 2 potions of invisibility
 v - 7 potions of restore abilities
 w - 4 potions of might
 Q - a potion of cure mutation
 R - a potion of haste
 U - 6 potions of curing
 X - 2 potions of resistance
Miscellaneous
 i - a lamp of fire (inert, charging)
 A - a fan of gales (inert, charging)
 D - a fan of gales (inert)
 M - a fan of gales
Comestibles
 f - 25 meat rations


   Skills:
 + Level 20.3 Fighting
 O Level 27 Maces & Flails
 - Level 13.0 Throwing
 - Level 18.2 Armour
 O Level 27 Dodging
 - Level 1.0 Stealth
   Level 1.0 Shields
 - Level 1.2 Spellcasting
 - Level 1.3 Translocations
 - Level 7.5 Evocations


You had 24 spell levels left.
You knew the following spells:

 Your Spells              Type           Power        Failure   Level  Hunger
a - Apportation           Tloc           #.........   21%         1    ##.....
b - Portal Projectile     Tloc           #.....       58%         3    ####...


Dungeon Overview and Level Annotations

Branches:
Dungeon (15/15)            Temple (1/1) D:5            Lair (8/8) D:9
 Shoals (5/5) Lair:4       Spider (5/5) Lair:5        Slime (6/6) Lair:7
    Orc (4/4) D:9             Elf (3/3) Orc:3        Vaults (4/5) D:13
  Crypt (0/3) Vaults:2     Depths (5/5) D:15            Zot (5/5) Depths:5

Altars:
Ashenzari
Cheibriados
Dithmenos
Elyvilon
Fedhas
Gozag
Kikubaaqudgha
Makhleb
Nemelex Xobeh
Okawaru
Qazlal
Ru
Sif Muna
Trog
Vehumet
Xom
Yredelemnul
Zin
The Shining One
Beogh

Shops:
D:5 }(:*   D:6 =   Orc:3 (   Orc:4 :(}*   Vaults:2 ?

Portals:
Hell: Depths:1 Depths:2 Depths:4 Depths:5
Pandemonium: Depths:1 Depths:5
Trove: Depths:4 (give 17 potions of curing)

Annotations:
D:7 exclusion: downstairs
D:8 1 exclusion, Maurice
Lair:3 1 exclusion, Harold
Shoals:5 Ilsuiw
Spider:3 Nikola
Elf:2 runed door
Depths:2 exclusion: 2 doors, the Enchantress
Depths:3 runed door


Innate Abilities, Weirdness & Mutations

You are too large for most types of armour.
You have tough skin (AC +1).
Your mind is acute. (Int +2)
You are frail (-10% HP).
Your magical capacity is low (-10% MP).


Message History

(D) Dungeon (T) Temple (L) Lair (A) Shoals (N) Spider Nest (M) Slime Pits (O) Orcish Mines (E) Elven Halls (V) Vaults (C) Crypt (U) Depths (H) Hell (Z) Zot
Where to? (Enter - D:1 @ (x,y), ? - help)
There is an open door here.
You hear a grinding noise. 2 golden eyes come into view.
You hear a grinding noise.
Evoke which item? (* to show all) (? for menu, Esc to quit)
Zapping:
P - a wand of digging (12)
Press: ? - help, Shift-Dir - straight line The rock shatters into small pieces.
This wand has 11 charges left.
You hear a grinding noise.
You hear a grinding noise.
A golden eye comes into view.
You hear a grinding noise.
You hear a grinding noise.
There is a staircase leading out of the dungeon here.
You have escaped!

#.#.# #.###....#.........####.
#.#.# #.# #....#..............
#.#.######+###.....####.#######..
#.#.........##....## #.#######..
#.#.........####.######..........
#.#.........#.#.#.#.##.########.#
#.#.........+#.#.#.###..........#
#.##........#.#.#.#.##G##########
#.##########.#.#@#.#.............
#.# ##.#.#.#..#G##########
#.####### #.#.#.#.#.#.# #....
#.......# ##.#.#.#..#.# #.###
#######.####.#.#.#.#.#.# #.#
#..............#.# #.#
###########.#....# #.#
#.###########.# #.............#


There were no monsters in sight!

Vanquished Creatures
  5 orbs of fire
  6 ancient liches (Zot:5)
  Boris (Vaults:2)
  Saint Roka (Depths:5)
  4 Killer Klowns
  A curse toe (Zot:3)
  9 golden dragons
  The ghost of asdu the Executioner, a mighty DDGl of Makhleb (Slime:6)
  Arachne (Spider:2)
  3 bone dragons
  3 electric golems
  20 tentacled monstrosities
  3 liches
  3 caustic shrikes (Depths:3)
  24 Orb Guardians
  2 deep elf blademasters (Elf:3)
  A Shadow Fiend (Zig:6)
  10 acid blobs
  A deep elf master archer (Elf:3)
  A titan (Depths:3)
  A tentacled starspawn (Abyss:1)
  Rupert (Lair:7)
  Agnes (Elf:1)
  An Executioner (Zot:5)
  5 sphinxes
  3 octopode crushers
  6 shadow dragons
  13 storm dragons
  5 tengu reavers
  6 draconian monks
  2 greater nagas (Zig:7)
  A revenant (Zig:6)
  9 azure jellies
  Maud (D:14)
  5 fire giants
  An iron dragon (Depths:4)
  4 draconian knights
  14 frost giants
  An orc warlord (Vaults:2)
  10 emperor scorpions
  5 draconian scorchers
  8 draconian zealots
  A curse skull (Zig:4)
  8 deep elf sorcerers (Elf:3)
  9 vault wardens
  A draconian annihilator (Zot:5)
  6 ghost moths
  5 very ugly things
  A warmonger (D:6)
  14 stone giants
  Jorgrun (Depths:1)
  5 spriggan defenders
  3 draconian shifters
  A war gargoyle (Vaults:4)
  4 draconian callers
  6 deep elf demonologists (Elf:3)
  12 deep elf annihilators
  4 green draconians
  7 black draconians
  A lorocyproca (Depths:1)
  4 grey draconians
  10 white draconians
  7 purple draconians
  5 pale draconians
  10 rakshasas
  10 yellow draconians
  11 red draconians
  3 dire elephants
  9 mottled draconians
  7 deep elf death magi
  The ghost of Ratboiler the Cruncher, a powerful DrWn of Okawaru (Orc:4)
  A mummy priest (Elf:3)
  2 black suns (Zig:6)
  Snorg (Lair:7)
  3 merfolk javelineers
  26 fire dragons
  2 vampire knights
  The ghost of nht the Carver, a powerful HaAs of Trog (Lair:4)
  13 ironheart preservers
  14 ettins
  The ghost of Ratboiler the Basher, a powerful DrWn of Okawaru (Lair:4)
  2 minotaurs
  3 deep elf high priests
  7 vault guards
  12 merfolk impalers
  A caustic shrike skeleton (Zig:9)
  8 great orbs of eyes
  Fannar (Lair:4)
  12 yaktaur captains
  11 death cobs
  2 naga warriors
  Nessos (Elf:1)
  An anaconda (Zig:7)
  16 ice dragons
  4 spriggan air magi
  9 hydras
  Erica (Elf:1)
  4 merfolk avatars
  13 centaur warriors
  A dancing weapon (Elf:2)
  2 alligator snapping turtles
  2 merfolk aquamancers (Shoals:5)
  12 ogre magi
  4 satyrs
  8 deep troll earth magi
  11 death yaks
  3 thrashing horrors (Abyss:2)
  5 hell hogs
  8 spriggan berserkers
  7 soul eaters
  6 orc high priests
  3 vampire magi
  10 tengu warriors
  6 deep troll shamans
  Urug (D:11)
  3 shock serpents (Zig:7)
  2 naga sharpshooters (Zig:7)
  5 catoblepae
  Nergalle (Orc:2)
  23 deep elf knights
  A sun demon (Depths:1)
  A fire crab (Vaults:4)
  5 hell knights
  A wretched star (Abyss:2)
  5 iron trolls (Depths:3)
  2 skeletal warriors (Zig:9)
  A titan skeleton (Abyss:2)
  An unseen horror (shapeshifter) (D:14)
  2 death drakes (Zot:1)
  5 unseen horrors
  28 deep trolls
  3 flayed ghosts
  A shadow wraith (Vaults:4)
  A golden dragon zombie (Zig:5)
  6 ball lightnings (D:12)
  9 sea snakes
  2 giant orange brains
  3 shadow demons
  An ice devil (D:14)
  A shambling mangrove (Zig:2)
  A tengu zombie (Vaults:4)
  11 deep elf summoners
  25 harpies
  A lindwurm (Lair:8)
  A swamp dragon (Zig:2)
  Pikel (D:8)
  10 ironbrand convokers
  9 hill giants
  17 griffons
  9 red wasps
  20 orb spiders
  2 statues
  An iron dragon zombie (Zig:9)
  5 necromancers
  13 orc knights
  21 deep elf conjurers
  5 wizards
  7 orc sorcerers
  A draconian zombie (Zot:1)
  A frost giant zombie (Zig:9)
  A stone giant zombie (Vaults:4)
  A cyclops (shapeshifter) (Depths:4)
  A human zombie (Vaults:4)
  8 water nymphs
  5 shining eyes
  52 ugly things
  17 cyclopes
  10 fauns
  3 phantasmal warriors
  22 wolf spiders
  2 oklob plants (Lair:7)
  24 moths of wrath
  10 elephants
  A rust devil (Abyss:1)
  16 vault sentinels
  2 drowned souls
  A salamander (Depths:2)
  12 manticores
  A frost giant skeleton (Zig:9)
  A human skeleton (Vaults:4)
  2 guardian serpents (shapeshifter)
  13 sirens
  3 sixfirhies
  A guardian serpent (Zig:4)
  6 smoke demons
  A queen ant (shapeshifter) (Vaults:1)
  A centaur skeleton (D:14)
  10 black mambas
  57 yaktaurs
  13 spiny frogs
  2 eyes of devastation
  Psyche (Orc:2)
  A naga mage (Zig:4)
  A white draconian zombie (Zot:1)
  A yellow draconian zombie (Depths:5)
  2 komodo dragons (shapeshifter)
  5 kobold demonologists
  A gargoyle (D:13)
  7 komodo dragons
  2 hellions (Zig:9)
  An ancient zyme (Abyss:2)
  5 wandering mushrooms
  18 demonic crawlers
  2 fire drakes
  A tormentor (Zig:9)
  17 deep elf priests
  2 red devils
  16 trolls
  A hellwing (Depths:2)
  27 jumping spiders
  2 queen bees
  A blue devil (Depths:1)
  6 freezing wraiths
  5 tengu conjurers
  69 slime creatures
  36 merfolk
  Sonja (Orc:2)
  A polar bear (shapeshifter) (Depths:2)
  19 two-headed ogres
  Prince Ribbit (D:8)
  A jumping spider (shapeshifter) (Depths:4)
  5 boulder beetles
  2 spriggan zombies
  A bog body (Zig:2)
  4 polar bears
  11 ravens
  12 wind drakes
  A spectral orc (Orc:2)
  14 blink frogs
  11 air elementals
  50 redbacks
  7 snapping turtles
  6 spriggans
  4 wraiths
  2 basilisks
  27 deep elf magi
  A tarantella (shapeshifter) (Vaults:2)
  A trapdoor spider (shapeshifter) (Depths:4)
  15 water elementals
  11 trapdoor spiders
  3 vampires
  A hog (shapeshifter) (Vaults:1)
  5 shadows
  2 hungry ghosts
  2 large abominations
  2 wyverns
  30 deep elf fighters
  A steam dragon (D:10)
  57 yaks
  13 hippogriffs
  18 tarantellas
  A fire bat (Volcano)
  18 humans (D:13)
  12 insubstantial wisps (D:12)
  A soldier ant (D:15)
  10 vampire mosquitoes
  A yaktaur simulacrum (Vaults:2)
  2 nagas
  2 chaos spawn
  4 wargs
  15 wolves
  4 porcupines
  A sky beast (D:15)
  4 mottled dragons
  41 orc warriors
  18 spiders
  13 water moccasins
  46 ogres
  2 necrophages
  4 boggarts
  A boring beetle (shapeshifter) (Depths:1)
  14 yellow wasps
  5 black bears
  8 eyes of draining
  A slave (D:8)
  2 boring beetles
  A centaur (shapeshifter) (Depths:4)
  24 centaurs
  14 crocodiles
  A big kobold (D:9)
  A brain worm (D:9)
  3 small abominations
  A spectral elf (Elf:3)
  17 giant frogs
  A gnoll sergeant (D:11)
  6 scorpions
  A wyvern skeleton (D:13)
  47 killer bees
  A spriggan skeleton (Depths:5)
  4 wights
  2 yak skeletons (Orc:4)
  20 crimson imps
  2 oklob saplings (D:12)
  4 electric eels
  A goliath beetle (D:7)
  A quasit (Depths:1)
  A giant frog zombie (D:10)
  A swamp dragon simulacrum (Abyss:2)
  17 jellies
  10 worker ants
  4 centaur zombies
  9 hounds
  3 human simulacra
  44 orc priests
  2 giant frog skeletons
  A lava snake (Volcano)
  4 iguanas
  3 iron imps (Depths:1)
  9 orange rats
  A killer bee zombie (D:6)
  33 orc wizards
  20 sheep
  A hound skeleton (D:8)
  29 adders
  3 gnolls (D:11)
  4 orc zombies (Orc:4)
  31 river rats
  A giant eyeball (shapeshifter) (Depths:5)
  8 shadow imps
  5 white imps
  2 ufetubi
  3 adder skeletons
  9 giant geckos
  190 orcs
  16 bats
  6 giant cockroaches
  20 hobgoblins
  8 jackals
  16 kobolds
  2 ball pythons
  7 giant newts
  2 giant spores (D:9)
  17 goblins
  12 quokkas
  10 rats
  10 rat skeletons (Orc:4)
  3 ballistomycetes (D:9)
  2 butterflies
  2 crawling corpses
  13 fungi
  70 plants
  2 starspawn tentacles (Abyss:1)
2823 creatures vanquished.

Vanquished Creatures (collateral kills)
  A profane servitor (D:10)
  A titan (Slime:6)
  A merfolk avatar (Shoals:5)
  A manticore (Shoals:5)
4 creatures vanquished.

Vanquished Creatures (others)
  An eldritch tentacle (Zot:5)
  A draconian knight (Zot:2)
  An ogre mage (Depths:3)
  A deep troll (Depths:2)
  11 ball lightnings (D:12)
  An ironbrand convoker (Vaults:4)
  A sixfirhy (Depths:5)
  A torpor snail (Spider:1)
  10 drowned souls
  2 trolls
  An air elemental (Depths:2)
  3 tarantellas
  A shadow (Zig:9)
  5 lost souls
  A crocodile (Lair:7)
  An electric eel (Lair:4)
  An orc wizard (Orc:4)
  A hound zombie (D:8)
  A gnoll (D:9)
  An adder (D:8)
  2 giant geckos (D:8)
  3 orcs
  A hobgoblin (D:9)
  A kobold (D:9)
  A goblin (D:9)
  A bush (Lair:6)
  147 eldritch tentacle segments (Zot:5)
  A fungus (Lair:4)
  10 plants
  3 starspawn tentacles (Abyss:1)
  29 starspawn tentacle segments (Abyss:1)
245 creatures vanquished.

Grand Total: 3072 creatures vanquished

Notes
Turn   | Place    | Note
--------------------------------------------------------------
     0 | D:1      | Ratboiler, the Ogre Wanderer, began the quest for the Orb.
     0 | D:1      | Ratboiler set off with: a +2 mace, a potion of curing, Priedar's Almanac of Orientation, a +0 robe, a meat ration
     0 | D:1      | Reached XP level 1. HP: 24/24 MP: 2/2
     0 | D:1      | Identified Priedar's Almanac of Orientation
     2 | D:1      | Learned a level 1 spell: Apportation
   290 | D:1      | Reached XP level 2. HP: 32/32 MP: 3/3
   900 | D:2      | Found a sacrificial altar of Ru.
   914 | D:2      | Reached XP level 3. HP: 15/39 MP: 4/4
  1227 | D:2      | Found a sparkling altar of Nemelex Xobeh.
  1775 | D:2      | Learned a level 3 spell: Portal Projectile
  1851 | D:2      | Reached skill level 5 in Maces & Flails
  1851 | D:2      | Reached XP level 4. HP: 40/48 MP: 6/6
  3201 | D:3      | Found an ancient bone altar of Kikubaaqudgha.
  3268 | D:3      | Found an opulent altar of Gozag.
  3293 | D:3      | Reached skill level 6 in Maces & Flails
  3574 | D:4      | Reached XP level 5. HP: 54/54 MP: 7/7
  4042 | D:4      | Reached skill level 7 in Maces & Flails
  4467 | D:4      | Found a snail-covered altar of Cheibriados.
  4532 | D:3      | Found a basalt altar of Yredelemnul.
  4532 | D:3      | Found a shadowy altar of Dithmenos.
  4731 | D:5      | Entered Level 5 of the Dungeon
  4731 | D:5      | Found Gog Op Treuk's Book Shoppe.
  5105 | D:5      | Reached XP level 6. HP: 60/62 MP: 8/8
  5280 | D:5      | Reached skill level 8 in Maces & Flails
  5393 | D:5      | Found Anluipt's Antique Weapon Boutique.
  5393 | D:5      | Noticed a phantom
  5762 | D:5      | Found Plappown's General Store.
  5976 | D:5      | Reached skill level 9 in Maces & Flails
  6028 | D:5      | Found a staircase to the Ecumenical Temple.
  6040 | Temple   | Entered the Ecumenical Temple
  6175 | Temple   | Became a worshipper of Trog the Wrathful
  6220 | D:5      | Reached XP level 7. HP: 68/70 MP: 9/9
  6368 | D:5      | Found Nuapp's Gadget Shoppe.
  6552 | D:5      | Found a shattered altar of Ashenzari.
  6558 | D:5      | Found a glowing silver altar of Zin.
  7039 | D:6      | Reached skill level 10 in Maces & Flails
  7580 | D:6      | Reached skill level 11 in Maces & Flails
  7647 | D:6      | Reached XP level 8. HP: 57/72 MP: 11/11
  7824 | D:6      | Found Qeal's Jewellery Emporium.
  7846 | D:6      | Got a glittering marble ring
  7847 | D:6      | Identified the ring of the Mutiny {SustAb -Cast Str+4 Dex+3} (You found it on level 6 of the Dungeon)
  7879 | D:6      | Reached skill level 12 in Maces & Flails
  8568 | D:6      | Acquired Trog's first power
  8788 | D:7      | Reached skill level 13 in Maces & Flails
  8914 | D:7      | Found a sacrificial altar of Ru.
  8965 | D:7      | Found a shimmering altar of Xom.
  8967 | D:7      | Found a shimmering altar of Xom.
  8967 | D:7      | Found a shimmering altar of Xom.
  8967 | D:7      | Found a shimmering altar of Xom.
  8967 | D:7      | Found a shimmering altar of Xom.
  8969 | D:7      | Found a shimmering altar of Xom.
  8969 | D:7      | Found a shimmering altar of Xom.
  8969 | D:7      | Found a shimmering altar of Xom.
  8973 | D:7      | Found a shimmering altar of Xom.
  9126 | D:7      | Reached XP level 9. HP: 58/78 MP: 12/12
  9175 | D:7      | Found a stormy altar of Qazlal.
  9175 | D:7      | Found a glowing golden altar of the Shining One.
  9296 | D:8      | Noticed Maurice
  9389 | D:8      | Noticed Pikel
  9409 | D:8      | Killed Pikel
  9409 | D:8      | Reached skill level 14 in Maces & Flails
  9526 | D:8      | Noticed Prince Ribbit
  9915 | D:8      | Reached skill level 1 in Dodging
  9948 | D:8      | Reached skill level 5 in Fighting
 10207 | D:8      | Killed Prince Ribbit
 10207 | D:8      | Acquired Trog's second power
 10496 | D:9      | Found an iron altar of Okawaru.
 10685 | D:9      | Found a burning altar of Makhleb.
 10715 | D:9      | Found a staircase to the Lair.
 10762 | D:9      | Reached XP level 10. HP: 64/96 MP: 13/13
 11058 | D:9      | Found a staircase to the Orcish Mines.
 11099 | D:9      | Found a roughly hewn altar of Beogh.
 11219 | D:9      | Reached skill level 5 in Dodging
 11443 | D:10     | Entered Level 10 of the Dungeon
 12046 | D:10     | Noticed a hill giant
 12205 | D:10     | Reached skill level 10 in Fighting
 12367 | Lair:1   | Entered Level 1 of the Lair of Beasts
 12470 | Lair:1   | Acquired Trog's third power
 12508 | Lair:1   | Reached XP level 11. HP: 103/113 MP: 14/14
 12589 | Lair:1   | Noticed a five-headed hydra
 13882 | D:5      | Bought the +7 great mace "Firestarter" {flame, rF++} for 783 gold pieces
 15045 | Lair:2   | Reached skill level 5 in Armour
 15177 | Lair:3   | Received a gift from Trog
 15383 | Lair:3   | Reached XP level 12. HP: 99/126 MP: 16/16
 15600 | Lair:3   | Noticed Harold
 15626 | Lair:4   | Noticed a seven-headed hydra
 15800 | Lair:4   | Noticed nht's ghost (powerful HaAs)
 15821 | Lair:4   | Killed nht's ghost
 16006 | Lair:4   | Noticed Ratboiler's ghost (powerful DrWn)
 16047 | Lair:4   | Killed Ratboiler's ghost
 16218 | Lair:4   | Noticed a four-headed hydra
 16229 | Lair:4   | Killed a four-headed hydra
 16277 | Lair:4   | Found a staircase to the Shoals.
 16474 | Lair:4   | Killed a seven-headed hydra
 16613 | Lair:4   | Noticed Fannar
 16630 | Lair:4   | Killed Fannar
 16735 | Lair:4   | Noticed a four-headed hydra
 16741 | Lair:4   | Killed a four-headed hydra
 16741 | Lair:4   | Reached skill level 10 in Armour
 17516 | Lair:5   | Found a hole to the Spider Nest.
 18020 | Lair:5   | Received a gift from Trog
 18186 | Lair:5   | Reached XP level 13. HP: 134/134 MP: 17/17
 19214 | Lair:7   | Noticed Snorg
 19232 | Lair:7   | Killed Snorg
 19418 | Lair:7   | Reached skill level 15 in Maces & Flails
 19601 | Lair:7   | Received a gift from Trog
 19847 | Lair:7   | Noticed Rupert
 19861 | Lair:7   | Killed Rupert
 19861 | Lair:7   | Reached skill level 16 in Maces & Flails
 20456 | Lair:7   | Gained mutation: You evolve. [potion of beneficial mutation]
 20814 | Lair:8   | Entered Level 8 of the Lair of Beasts
 20867 | Lair:8   | Received a gift from Trog
 20867 | Lair:8   | Reached skill level 17 in Maces & Flails
 20946 | Lair:8   | Found a dark tunnel.
 20951 | Volcano  | Entered a volcano
 21020 | Volcano  | Found a burning altar of Makhleb.
 21210 | Lair:8   | Reached XP level 14. HP: 138/143 MP: 18/18
 21377 | Lair:8   | Reached skill level 18 in Maces & Flails
 22051 | Lair:8   | Gained mutation: You are frail (-10% HP). [evolution]
 22314 | Lair:8   | Reached skill level 19 in Maces & Flails
 22402 | Lair:8   | Received a gift from Trog
 22432 | Lair:8   | Got a crude giant spiked club {god gift}
 22433 | Lair:8   | Identified the +6 giant spiked club of Famine {crush, rElec rPois rF- Stlth+} (Trog gifted it to you on level 8 of the Lair of Beasts)
 22632 | Lair:8   | Reached skill level 20 in Maces & Flails
 23092 | Lair:3   | Gained mutation: You tend to lose your temper in combat. [evolution]
 23092 | Lair:3   | Lost mutation: You evolve. [end of evolution]
 23133 | Lair:1   | Lost mutation: You are frail (-10% HP). [potion of cure mutation]
 23133 | Lair:1   | Lost mutation: You tend to lose your temper in combat. [potion of cure mutation]
 23218 | Orc:1    | Entered Level 1 of the Orcish Mines
 23245 | Orc:1    | Found a roughly hewn altar of Beogh.
 23793 | Orc:2    | Noticed Nergalle
 23801 | Orc:2    | Killed Nergalle
 23827 | Orc:2    | Received a gift from Trog
 23896 | Orc:2    | Noticed Psyche
 23899 | Orc:2    | Paralysed by Psyche for 2 turns
 23902 | Orc:2    | Killed Psyche
 23930 | Orc:2    | You fall through a shaft!
 24052 | Orc:3    | Found Malopluti's Antique Weapon Shoppe.
 24512 | Orc:3    | Received a gift from Trog
 24539 | Orc:3    | Found a staircase to the Elven Halls.
 25109 | Orc:2    | Noticed Sonja
 25137 | Orc:2    | Killed Sonja
 25305 | Orc:4    | Entered Level 4 of the Orcish Mines
 25366 | Orc:4    | Noticed Ratboiler's ghost (powerful DrWn)
 25392 | Orc:4    | Killed Ratboiler's ghost
 25585 | Orc:4    | Received a gift from Trog
 25975 | Orc:4    | Reached XP level 15. HP: 105/153 MP: 18/18
 26220 | Orc:4    | Received a gift from Trog
 26264 | Orc:4    | Found Baixeil's Book Shoppe.
 26265 | Orc:4    | Found Enizuiz's General Store.
 26266 | Orc:4    | Found Croexky's Gadget Boutique.
 26266 | Orc:4    | Found Peruj's Weapon Shoppe.
 26280 | Orc:4    | Bought a potion of agility for 68 gold pieces
 26280 | Orc:4    | Bought a scroll of identify for 34 gold pieces
 26289 | Orc:4    | Bought a wand of cold (6) for 260 gold pieces
 26585 | D:6      | Bought a cursed -3 ring of slaying for 28 gold pieces
 26585 | D:6      | Bought a cursed ring of loudness for 63 gold pieces
 26585 | D:6      | Bought an uncursed ring of poison resistance for 280 gold pieces
 26826 | Spider:1 | Entered Level 1 of the Spider Nest
 28996 | Spider:2 | Reached skill level 10 in Dodging
 29911 | Spider:3 | Noticed Arachne
 29932 | Spider:2 | Killed Arachne
 30308 | Spider:3 | Noticed Nikola
 31217 | Spider:4 | Received a gift from Trog
 31530 | Spider:5 | Entered Level 5 of the Spider Nest
 31551 | Spider:5 | Reached XP level 16. HP: 132/162 MP: 20/20
 33396 | Spider:5 | Received a gift from Trog
 34074 | Spider:5 | Got a gossamer rune of Zot
 34334 | Shoals:1 | Entered Level 1 of the Shoals
 34928 | Shoals:1 | Received a gift from Trog
 35326 | Shoals:2 | Reached skill level 1 in Throwing
 35375 | Shoals:2 | You fall through a shaft!
 35599 | Shoals:3 | Reached XP level 17. HP: 101/169 MP: 20/20
 35633 | Shoals:3 | Reached skill level 5 in Throwing
 37718 | Shoals:5 | Entered Level 5 of the Shoals
 37731 | Shoals:5 | Received a gift from Trog
 37907 | Shoals:5 | Reached skill level 10 in Throwing
 37941 | Shoals:5 | Received a gift from Trog
 38125 | Shoals:5 | Got a barnacled rune of Zot
 39330 | Shoals:5 | Noticed Ilsuiw
 39362 | Shoals:4 | Received a gift from Trog
 39684 | Shoals:4 | Got a faintly glowing giant spiked club {god gift}
 39685 | Shoals:4 | Identified the +5 giant spiked club of the Extremes {crush, Noisy rElec Stlth--} (Trog gifted it to you on level 4 of the Shoals)
 40499 | D:11     | Found a basalt altar of Yredelemnul.
 40669 | D:11     | Noticed Urug
 40706 | D:11     | Killed Urug
 40764 | D:11     | Reached XP level 18. HP: 170/179 MP: 21/21
 41158 | D:11     | Received a gift from Trog
 41294 | D:12     | Received a gift from Trog
 41654 | D:12     | Found a blossoming altar of Fedhas.
 41967 | D:12     | Reached skill level 15 in Dodging
 43508 | D:13     | Received a gift from Trog
 44019 | D:13     | Received a gift from Trog
 44064 | D:13     | Received a gift from Trog
 44246 | D:13     | Received a gift from Trog
 44258 | D:13     | Found a gate to the Vaults.
 45059 | D:14     | Noticed Maud
 45068 | D:14     | Killed Maud
 45663 | D:15     | Entered Level 15 of the Dungeon
 46799 | D:15     | Received a gift from Trog
 46806 | D:15     | Found a staircase to the Depths.
 47318 | Vaults:1 | Entered Level 1 of the Vaults
 47319 | Vaults:1 | Upgraded the game from 0.16-a0-2989-gec99a28 to 0.16-a0-3008-g8433e14
 47365 | Vaults:1 | Reached XP level 19. HP: 189/195 MP: 21/21
 47547 | Vaults:1 | Cast into the Abyss (vault guard)
 47583 | Abyss:2  | Found a corrupted altar of Lugonu.
 47918 | Abyss:3  | Found a corrupted altar of Lugonu.
 48056 | Abyss:3  | Reached skill level 1 in Evocations
 48062 | Vaults:1 | Escaped the Abyss
 48586 | Vaults:1 | Reached skill level 5 in Evocations
 48875 | Vaults:1 | Received a gift from Trog
 50431 | Vaults:2 | Reached skill level 15 in Fighting
 50640 | Vaults:2 | Noticed Boris
 50668 | Vaults:2 | Killed Boris
 50668 | Vaults:2 | Reached skill level 21 in Maces & Flails
 50682 | Vaults:2 | Reached XP level 20. HP: 167/207 MP: 29/29
 50927 | Vaults:2 | Received a gift from Trog
 51266 | Vaults:2 | Found a staircase to the Crypt.
 51646 | Vaults:2 | Found Grym's Magic Scroll Shoppe.
 51660 | Vaults:2 | Bought a scroll of acquirement for 832 gold pieces
 51660 | Vaults:2 | Bought a scroll of enchant armour for 120 gold pieces
 51660 | Vaults:2 | Bought a scroll of enchant weapon for 120 gold pieces
 51660 | Vaults:2 | Bought a scroll of enchant armour for 120 gold pieces
 51660 | Vaults:2 | Bought a scroll of enchant weapon for 120 gold pieces
 51734 | Vaults:2 | Received a gift from Trog
 53266 | Vaults:3 | Received a gift from Trog
 53301 | Vaults:3 | Received a gift from Trog
 53933 | Vaults:3 | Received a gift from Trog
 54053 | Vaults:3 | Reached skill level 22 in Maces & Flails
 54121 | Vaults:3 | Received a gift from Trog
 54953 | Vaults:4 | Reached XP level 21. HP: 214/219 MP: 30/30
 55757 | Vaults:4 | Received a gift from Trog
 56152 | Vaults:4 | Reached skill level 23 in Maces & Flails
 57535 | D:6      | Bought an uncursed amulet of resist mutation for 560 gold pieces
 57537 | D:6      | Bought a +5 ring of protection for 770 gold pieces
 57732 | Elf:1    | Entered Level 1 of the Elven Halls
 57738 | Elf:1    | Received a gift from Trog
 57825 | Elf:1    | Received a gift from Trog
 57870 | Elf:1    | Noticed Erica
 57875 | Elf:1    | Killed Erica
 57974 | Elf:1    | Received a gift from Trog
 58201 | Elf:1    | Noticed Agnes
 58208 | Elf:1    | Killed Agnes
 58329 | Elf:1    | Noticed Nessos
 58340 | Elf:1    | Killed Nessos
 58925 | Elf:2    | Received a gift from Trog
 59056 | Elf:2    | Received a gift from Trog
 59165 | Elf:2    | Received a gift from Trog
 59345 | Elf:2    | Found a runed gate.
 59345 | Elf:2    | Found a runed gate.
 59345 | Elf:2    | Found a runed gate.
 59633 | Elf:3    | Entered Level 3 of the Elven Halls
 59865 | Elf:3    | Received a gift from Trog
 60321 | Elf:3    | Found a deep blue altar of Sif Muna.
 60366 | Elf:3    | Reached XP level 22. HP: 233/233 MP: 31/31
 60413 | Elf:3    | Got a brightly glowing sapphire amulet
 60414 | Elf:3    | Identified the amulet "Ghorituy" {Ward rC+ rN+} (You took it off a deep elf fighter on level 3 of the Elven Halls)
 60484 | Elf:3    | Received a gift from Trog
 60762 | Elf:3    | Reached skill level 24 in Maces & Flails
 60901 | Elf:3    | Cast into the Abyss (a deep elf sorcerer)
 60970 | Elf:3    | Escaped the Abyss
 61857 | Elf:3    | Received a gift from Trog
 61992 | Elf:3    | Received a gift from Trog
 62148 | Elf:3    | Got a slimy bone ring
 62149 | Elf:3    | Identified the cursed ring of Sin {-Cast MR+ Int-3} (You found it on level 3 of the Elven Halls)
 62164 | Elf:3    | Got a crude turquoise ring
 62165 | Elf:3    | Identified the ring "Baisueb" {Dex+3 Stlth+} (You found it on level 3 of the Elven Halls)
 62726 | Vaults:2 | Bought a scroll of fear for 56 gold pieces
 62726 | Vaults:2 | Bought a scroll of teleportation for 48 gold pieces
 62726 | Vaults:2 | Bought a scroll of recharging for 152 gold pieces
 62726 | Vaults:2 | Bought a scroll of vulnerability for 120 gold pieces
 63227 | Lair:7   | Found a staircase to the Slime Pits.
 63308 | Slime:1  | Entered Level 1 of the Pits of Slime
 64543 | Slime:6  | Entered Level 6 of the Pits of Slime
 64606 | Slime:6  | Noticed the royal jelly
 64619 | Slime:6  | Noticed a titan shaped Royal Jelly
 64619 | Slime:6  | the royal jelly changed into a titan shaped Royal Jelly
 64622 | Slime:6  | Killed a titan shaped Royal Jelly
 64861 | Slime:6  | Received a gift from Trog
 65101 | Slime:6  | Noticed asdu's ghost (mighty DDGl)
 65133 | Slime:6  | Killed asdu's ghost
 65133 | Slime:6  | Reached XP level 23. HP: 216/246 MP: 28/31
 65177 | Slime:6  | Got a slimy rune of Zot
 65272 | Slime:6  | Received a gift from Trog
 65808 | Depths:1 | Entered Level 1 of the Depths
 66450 | Depths:1 | Noticed Jorgrun
 66458 | Depths:1 | Killed Jorgrun
 66531 | Depths:1 | Found a one-way gate leading to the halls of Pandemonium.
 66915 | Depths:1 | Received a gift from Trog
 67020 | Depths:1 | Found a gateway to Hell.
 67058 | Depths:1 | Found a glowing golden altar of the Shining One.
 67200 | Depths:2 | Found a flickering gateway to a bazaar.
 67210 | Bazaar   | Entered a bazaar
 67210 | Bazaar   | Found Brumog's General Store.
 67210 | Bazaar   | Found Hickioj's Antique Armour Shop.
 67234 | Bazaar   | Found Chosiso's Antique Weapon Shop.
 67275 | Bazaar   | Bought a scroll of fear for 49 gold pieces
 67275 | Bazaar   | Bought a potion of haste for 140 gold pieces
 67888 | Depths:2 | Received a gift from Trog
 68331 | Depths:2 | Noticed the Enchantress
 69158 | Depths:3 | Received a gift from Trog
 69588 | Depths:3 | Received a gift from Trog
 70602 | Depths:3 | Found a runed door.
 70735 | Depths:3 | Reached XP level 24. HP: 219/258 MP: 32/32
 70948 | Depths:3 | Received a gift from Trog
 71343 | Depths:3 | Reached skill level 15 in Armour
 72136 | Depths:3 | Paralysed by a great orb of eyes for 7 turns
 72946 | Depths:4 | Found a gateway to a ziggurat.
 72960 | Zig:1    | Entered Level 1 of a ziggurat
 73000 | Zig:2    | Entered Level 2 of a ziggurat
 73202 | Zig:3    | Entered Level 3 of a ziggurat
 73279 | Zig:4    | Entered Level 4 of a ziggurat
 73286 | Zig:4    | Received a gift from Trog
 73321 | Zig:4    | Got a dazzling cloak
 73322 | Zig:4    | Identified the +2 cloak of Pnaquh {Dex+3} (You found it on level 4 of a ziggurat)
 73469 | Zig:5    | Entered Level 5 of a ziggurat
 73820 | Zig:6    | Entered Level 6 of a ziggurat
 73907 | Zig:6    | Got a shimmering platinum ring
 73908 | Zig:6    | Identified the ring "Daasitit" {+/*Tele Str+4} (You found it on level 6 of a ziggurat)
 73928 | Zig:7    | Entered Level 7 of a ziggurat
 74165 | Zig:7    | Got a polished fire dragon armour
 74166 | Zig:7    | Identified the +9 fire dragon armour "Erhageic" {rF++ rC- Int+2 Stlth++} (You found it on level 7 of a ziggurat)
 74206 | Zig:8    | Entered Level 8 of a ziggurat
 74444 | Zig:8    | Received a gift from Trog
 74460 | Zig:9    | Entered Level 9 of a ziggurat
 74594 | Depths:4 | Found a portal to a secret trove of treasure.
 74814 | Depths:4 | Paralysed by a sphinx for 2 turns
 74840 | Depths:4 | Reached XP level 25. HP: 198/266 MP: 32/32
 75327 | Depths:5 | Entered Level 5 of the Depths
 75500 | Depths:5 | Received a gift from Trog
 76092 | Depths:5 | Found a gate to the Realm of Zot.
 76596 | Depths:5 | Noticed Saint Roka
 76624 | Depths:5 | Killed Saint Roka
 77558 | Depths:5 | Received a gift from Trog
 77862 | Zot:1    | Entered Level 1 of the Realm of Zot
 78390 | Zot:1    | Received a gift from Trog
 79155 | Zot:1    | Reached XP level 26. HP: 269/276 MP: 33/33
 80894 | Zot:2    | Received a gift from Trog
 81931 | Zot:3    | Received a gift from Trog
 82777 | Zot:3    | Reached skill level 25 in Dodging
 82864 | Zot:3    | Received a gift from Trog
 83665 | Zot:3    | Noticed an orb of fire
 83703 | Zot:3    | Killed an orb of fire
 84147 | Zot:4    | Reached XP level 27. HP: 220/284 MP: 33/33
 85437 | Zot:4    | Received a gift from Trog
 85815 | Zot:5    | Entered Level 5 of the Realm of Zot
 86982 | Zot:5    | Noticed an ancient lich
 86994 | Zot:5    | Killed an ancient lich
 86994 | Zot:5    | Reached skill level 26 in Maces & Flails
 87023 | Zot:5    | Noticed an orb of fire
 87034 | Zot:5    | Killed an orb of fire
 87075 | Zot:5    | Noticed an orb of fire
 87089 | Zot:5    | Killed an orb of fire
 87095 | Zot:5    | Noticed an ancient lich
 87106 | Zot:5    | Killed an ancient lich
 87110 | Zot:5    | Noticed an ancient lich
 87116 | Zot:5    | Noticed an ancient lich
 87128 | Zot:5    | Killed an ancient lich
 87132 | Zot:5    | Killed an ancient lich
 87553 | Zot:5    | Noticed an ancient lich
 87850 | Zot:5    | Noticed an orb of fire
 87855 | Zot:5    | Gained mutation: Your mind is acute. (Int +2) [an orb of fire]
 87861 | Zot:5    | Noticed an orb of fire
 87861 | Zot:5    | Noticed an ancient lich
 87866 | Zot:5    | Killed an orb of fire
 87868 | Zot:5    | Gained mutation: You are frail (-10% HP). [an orb of fire]
 88084 | Zot:5    | Killed an ancient lich
 88084 | Zot:5    | Received a gift from Trog
 88417 | Zot:5    | Reached skill level 27 in Maces & Flails
 88540 | Zot:5    | Gained mutation: Your magical capacity is low (-10% MP). [an orb of fire]
 88541 | Zot:5    | Killed an orb of fire
 88673 | Zot:5    | Killed an ancient lich
 88736 | Zot:5    | Reached skill level 27 in Dodging
 88799 | Zot:5    | Got the Orb of Zot
 88870 | Zot:5    | Noticed an orb of fire
 89049 | Zot:1    | Received a gift from Trog
 89090 | Depths:5 | Noticed Chaq the pandemonium lord
 89182 | D:15     | Noticed Climaimn the pandemonium lord
 89242 | D:13     | Noticed Zynoreew the pandemonium lord
 89504 | D:5      | Noticed Yxtobea the pandemonium lord
 89545 | D:3      | Noticed Kludat the pandemonium lord
 89744 | D:$      | Escaped with the Orb!

Action                   |  1- 3 |  4- 6 |  7- 9 | 10-12 | 13-15 | 16-18 | 19-21 | 22-24 | 25-27 || total
-------------------------+-------+-------+-------+-------+-------+-------+-------+-------+-------++-------
Melee: Mace              |    78 |   291 |   212 |       |       |       |       |       |       ||   581
       Whip              |       |       |   124 |   335 |       |       |       |       |       ||   459
       Great mace        |       |       |       |   262 |   880 |  1278 |  1012 |  1078 |  1247 ||  5757
       Giant spiked club |       |       |       |       |       |       |   188 |   226 |   269 ||   683
 Fire: Hunting sling     |       |     8 |       |       |       |       |       |       |       ||     8
       Blowgun           |       |     6 |    22 |    32 |    31 |    48 |       |       |       ||   139
Throw: Stone             |       |       |     3 |       |       |       |       |       |       ||     3
       Javelin           |       |       |       |    13 |    32 |       |       |       |       ||    45
       Tomahawk          |       |       |       |       |     9 |       |       |       |       ||     9
       Large rock        |       |       |       |       |     5 |    52 |    76 |   103 |    88 ||   324
Invok: Burn Spellbooks   |       |       |     1 |     1 |     3 |     4 |     5 |    12 |     1 ||    27
       Berserk           |       |       |     1 |     1 |     5 |     1 |     4 |     6 |    14 ||    32
       Trog's Hand       |       |       |       |       |     1 |     8 |    20 |    20 |    27 ||    76
       Brothers in Arms  |       |       |       |       |     1 |     3 |       |     7 |     2 ||    13
 Abil: Evoke Teleportati |       |       |       |       |       |       |     1 |       |       ||     1
Evoke: Wand              |       |       |     3 |     4 |     2 |     3 |     2 |    19 |    12 ||    45
       Fan of gales      |       |       |       |       |       |       |       |     1 |     2 ||     3
       Lamp of fire      |       |       |       |       |       |       |       |       |     2 ||     2
  Use: Scroll            |     2 |     7 |    16 |     7 |    14 |    17 |    30 |    23 |    21 ||   137
       Potion            |       |       |     2 |       |     5 |     9 |     4 |     6 |    21 ||    47
 Stab: Sleeping          |     2 |     2 |     2 |    10 |    11 |     8 |     9 |     4 |     3 ||    51
       Invisible         |       |       |     2 |       |       |       |       |       |       ||     2
       Distracted        |       |       |       |     1 |     6 |     2 |     1 |     1 |     3 ||    14
       Confused          |       |       |       |       |       |       |     1 |       |       ||     1
  Eat: Chunk             |     3 |     8 |     3 |    10 |    16 |    30 |    31 |     2 |    14 ||   117
       Fruit             |       |     2 |       |    11 |     8 |    12 |    18 |    27 |       ||    78
       Bread ration      |       |     1 |     1 |     1 |     5 |     2 |     2 |     7 |       ||    19
       Royal jelly       |       |       |     2 |     1 |       |     1 |     3 |       |    11 ||    18
       Meat ration       |       |       |     1 |       |     2 |     3 |       |       |     5 ||    11
       Beef jerky        |       |       |       |     2 |     1 |     2 |     3 |     2 |     3 ||    13
       Pizza             |       |       |       |     1 |     2 |     2 |       |     2 |     2 ||     9
